Little Stars vs Harfangs
(R1)
Created - 29 mars 2015 at 19:47
Goals
|
| Little Stars |
1 |
0 |
3 |
4 |
| Harfangs |
1 |
0 |
5 |
6 |
|
Shots
|
| Little Stars |
13 |
10 |
13 |
36 |
| Harfangs |
6 |
10 |
27 |
43 |
|
1st period
1. Little Stars , Jesse Joensuu 27 (Ryan Vesce, Landon Ferraro) at 6:42
2. Harfangs , Chris Kreider 58 (Petri Kontiola, Alexandre Picard) at 8:54 (PP)
Penalties :
Stefan Ruzicka (BEA) for Fighting (Major) at 2:05, Cody Bass (Tex) for Fighting (Major) at 2:05, Carl Hagelin (Tex) for Goalie Interference (Minor) at 2:18, Ryan Vesce (Tex) for Holding (Minor) at 8:06, Kyle Okposo (Tex) for Holding (Minor) at 9:16, Peter Budaj (BEA) for Delaying the game (Minor) at 11:51 - Craig Smith served the penalty, Cody Bass (Tex) for Slashing (Minor) at 18:24
2nd period
No Goal
Penalties :
Mathieu Roy (Tex) for Roughing (Minor) at 4:03, Peter Olvecky (BEA) for Hooking (Minor) at 9:09, Peter Olvecky (BEA) for Interference (Minor) at 14:27, Carl Hagelin (Tex) for Goalie Interference (Minor) at 16:38, Roman Wick (BEA) for Hooking (Minor) at 19:10
3rd period
3. Little Stars , Cory Murphy 7 (Chris Dingman, Marcus Kruger) at 0:06 (PP)
4. Harfangs , Chris Kreider 59 (Stefan Ruzicka, James Wisniewski) at 0:16
5. Harfangs , Stefan Ruzicka 68 (Petri Kontiola) at 3:24 (PP)
6. Little Stars , Hugh Jessiman 28 (Carl Hagelin, Mathieu Roy) at 4:11
7. Harfangs , Dustin Jeffrey 12 (Victor Bartley, Craig Smith) at 6:43
8. Little Stars , Raphael Diaz 8 (Chris Dingman, Clay Wilson) at 12:04
9. Harfangs , Craig Smith 15 (Dustin Jeffrey, Michal Repik) at 12:39
10. Harfangs , James Wisniewski 11 (Stefan Ruzicka, Petri Kontiola) at 18:57
Penalties :
Cory Murphy (Tex) for High sticking (Minor) at 1:11, Ryan Vesce (Tex) for Hooking (Minor) at 3:20, Raphael Diaz (Tex) for Slashing (Minor) at 9:35
Goalie Stats
Erik Ersberg (Tex), 37 saves from 43 shots - (0,860), L, 33-16-9, 60:00 minutes
Peter Budaj (BEA), 32 saves from 36 shots - (0,889), W, 17-9-1, 60:00 minutes
Players Stats for Little Stars
Player Name G A P +/- PIM S H SB GA TA FO MP PP MP PK MP
------------------------------------------------------------------------------------
Alexander Vasyunov 0 0 0 0 0 0 1 0 1 1 0/0 7:35 0:00 1:44
Cameron Schilling 0 0 0 0 0 1 0 1 0 0 0/0 7:41 0:00 0:00
Carl Hagelin 0 1 1 0 4 2 1 0 0 0 1/1 11:05 0:35 0:00
Chris Dingman 0 2 2 -2 0 3 2 0 2 0 6/13 23:22 3:22 7:38
Clay Wilson 0 1 1 0 0 0 0 1 0 1 0/0 24:21 3:43 7:13
Cody Bass 0 0 0 0 7 0 0 0 0 0 5/9 11:19 2:56 0:00
Corey Trivino 0 0 0 0 0 0 1 0 0 0 4/11 12:49 0:00 2:35
Cory Murphy 1 0 1 -1 2 4 2 2 0 1 0/0 27:20 3:10 6:59
Hugh Jessiman 1 0 1 0 0 4 0 1 0 1 1/1 15:57 0:20 5:09
Jared Spurgeon 0 0 0 1 0 0 0 3 0 0 0/0 10:56 0:00 2:31
Jesse Joensuu 1 0 1 1 0 2 2 0 0 0 0/1 12:52 2:56 0:17
Kyle Okposo 0 0 0 -2 2 3 2 3 0 0 1/3 23:23 3:26 6:58
Landon Ferraro 0 1 1 1 0 1 0 0 0 0 2/5 5:58 0:00 0:28
Marcus Kruger 0 1 1 -3 0 2 1 0 0 0 14/29 14:51 3:22 0:00
Mathieu Roy 0 1 1 -1 2 5 2 0 1 2 0/0 27:40 3:10 7:03
Matt Halischuk 0 0 0 0 0 0 0 1 0 0 1/1 6:54 0:46 0:00
Raphael Diaz 1 0 1 0 2 4 1 1 1 0 0/0 23:02 3:43 5:44
Ryan Vesce 0 1 1 1 4 5 1 0 1 0 2/3 18:00 2:56 4:41
Players Stats for Harfangs
Player Name G A P +/- PIM S H SB GA TA FO MP PP MP PK MP
------------------------------------------------------------------------------------
Alex Killorn 0 0 0 -1 0 1 0 0 1 0 7/17 18:48 5:56 1:54
Alexandre Picard 0 1 1 2 0 5 4 3 0 1 0/0 30:10 8:19 3:50
Andrew Orpik 0 0 0 -1 0 2 0 2 3 1 0/0 20:02 6:26 0:00
Brandon Pirri 0 0 0 0 0 0 0 0 0 1 3/4 7:30 0:16 1:18
Brett Carson 0 0 0 0 0 0 0 2 0 1 0/0 9:48 0:00 3:03
Brian Lashoff 0 0 0 0 0 0 0 1 0 1 0/0 9:48 0:00 3:03
Chris Kreider 2 0 2 1 0 3 1 0 1 0 0/2 21:15 8:17 2:07
Corey Cowick 0 0 0 0 0 0 0 0 0 0 0/0 6:42 0:32 0:12
Craig Smith 1 1 2 1 0 4 0 1 0 0 3/6 10:41 0:00 0:00
Dustin Jeffrey 1 1 2 1 0 1 4 1 0 0 1/1 14:30 0:00 3:54
James Wisniewski 1 1 2 2 0 5 3 0 1 0 0/0 30:10 8:19 3:50
Kyle Palmieri 0 0 0 -2 0 2 1 0 0 1 0/1 18:05 6:04 0:00
Michal Repik 0 1 1 1 0 0 0 0 0 0 2/2 10:49 0:13 0:00
Peter Olvecky 0 0 0 -1 4 2 0 0 0 0 0/0 17:32 5:56 0:40
Petri Kontiola 0 3 3 1 0 3 3 0 0 0 23/41 23:06 8:33 3:41
Roman Wick 0 0 0 0 2 2 0 0 0 0 0/1 6:42 0:59 0:00
Stefan Ruzicka 1 2 3 2 5 11 0 0 0 0 1/2 17:23 7:29 0:00
Victor Bartley 0 1 1 -1 0 2 1 0 0 0 0/0 20:02 6:26 0:00
3 Stars
1 - Chris Kreider (BEA)
2 - James Wisniewski (BEA)
3 - Dustin Jeffrey (BEA)
Power Play
Little Stars - 1 on 4 Attempt(s) - 25,00%
Harfangs - 2 on 9 Attempt(s) - 22,22%
Penalty Kill
Little Stars - 7 on 9 Attempt(s) - 77,78%
- Score 0 goal in Penalty Kill
Harfangs - 3 on 4 Attempt(s) - 75,00%
- Score 0 goal in Penalty Kill
Team Stat
Little Stars - Hits : 16 - Faceoff Wins : 37 - Blocked Shots : 13 - Penalty Minutes : 23
Harfangs - Hits : 17 - Faceoff Wins : 40 - Blocked Shots : 10 - Penalty Minutes : 11
Official
Referees : Charron Francis and Martell Rob
Linesman : Mark Pare and Steve Barton
Game Notes
Stefan Ruzicka and Cody Bass fight to a draw at 2:05 of 1st period
Finance
Level 1 -- Attendance: 1509 (75,45%) -- Ticket Income 45 270 $
Level 2 -- Attendance: 824 (82,40%) -- Ticket Income 12 360 $
Total Attendance: 2333 (77,77%)
Total Ticket Income: 57 630 $
Other Income: 2 882 $
Total Income: 60 512 $
Little Stars
5 vs 5 Forward
Center Left Wing Right Wing Time % Phy DF OF
1 Marcus Kruger Chris Dingman Kyle Okposo 40 1 2 2
2 Cody Bass Jesse Joensuu Ryan Vesce 30 1 2 2
3 Corey Trivino Carl Hagelin Hugh Jessiman 20 1 2 2
4 Landon Ferraro Alexander Vasyunov Matt Halischuk 10 1 2 2
5 vs 5 Defense
Defense Defense Time % Phy DF OF
1 Cory Murphy Mathieu Roy 40 1 2 2
2 Raphael Diaz Clay Wilson 30 1 2 2
3 Cameron Schilling Jared Spurgeon 20 1 2 2
4 Cory Murphy Mathieu Roy 10 1 2 2
PowerPlay Forward
Center Left Wing Right Wing Time % Phy DF OF
1 Marcus Kruger Chris Dingman Kyle Okposo 60 1 2 2
2 Cody Bass Jesse Joensuu Ryan Vesce 40 1 2 2
PowerPlay Defense
Defense Defense Time % Phy DF OF
1 Cory Murphy Mathieu Roy 60 1 2 2
2 Raphael Diaz Clay Wilson 40 1 2 2
Penalty Kill 4 Players Forward
Center Wing Time % Phy DF OF
1 Chris Dingman Kyle Okposo 60 1 2 2
2 Ryan Vesce Hugh Jessiman 40 1 2 2
Penalty Kill 4 Players Defense
Defense Defense Time % Phy DF OF
1 Cory Murphy Mathieu Roy 60 1 2 2
2 Raphael Diaz Clay Wilson 40 1 2 2
Penalty Kill - 3 Players Forward
Forward Time % Phy DF OF
1 Chris Dingman 60 1 2 2
2 Kyle Okposo 40 1 2 2
Penalty Kill - 3 Players Defense
Defense Defense Time % Phy DF OF
1 Cory Murphy Mathieu Roy 60 1 2 2
2 Raphael Diaz Clay Wilson 40 1 2 2
4 vs 4 Forward
Center Wing Time % Phy DF OF
1 Chris Dingman Kyle Okposo 60 1 2 2
2 Ryan Vesce Hugh Jessiman 40 1 2 2
4 vs 4 Defense
Defense Defense Time % Phy DF OF
1 Cory Murphy Mathieu Roy 60 1 2 2
2 Raphael Diaz Clay Wilson 40 1 2 2
Last Minutes Offensive
Center Left Wing Right Wing Defense Defense
Marcus Kruger Chris Dingman Kyle Okposo Cory Murphy Mathieu Roy
Last Minutes Defensive
Center Left Wing Right Wing Defense Defense
Marcus Kruger Chris Dingman Kyle Okposo Cory Murphy Mathieu Roy
Goaltenders
Starting : Erik Ersberg
Backup : Ben Scrivens
Extra Forwards
Normal : Matt Halischuk, Carl Hagelin, Corey Trivino - PP : Matt Halischuk, Carl Hagelin - PK : Corey Trivino
Extra Defensemen
Normal : Cameron Schilling, Jared Spurgeon, Raphael Diaz - PP : Cameron Schilling - PK : Jared Spurgeon, Raphael Diaz
Penalty Shots
Chris Dingman, Kyle Okposo, Ryan Vesce, Hugh Jessiman, Matt Halischuk
Harfangs
5 vs 5 Forward
Center Left Wing Right Wing Time % Phy DF OF
1 Petri Kontiola Chris Kreider Stefan Ruzicka 40 0 0 5
2 Alex Killorn Peter Olvecky Kyle Palmieri 30 0 0 5
3 Craig Smith Dustin Jeffrey Michal Repik 20 0 0 5
4 Brandon Pirri Corey Cowick Roman Wick 10 0 0 5
5 vs 5 Defense
Defense Defense Time % Phy DF OF
1 Alexandre Picard James Wisniewski 40 0 2 3
2 Andrew Orpik Victor Bartley 30 0 2 3
3 Brett Carson Brian Lashoff 20 0 3 2
4 Alexandre Picard James Wisniewski 10 0 2 3
PowerPlay Forward
Center Left Wing Right Wing Time % Phy DF OF
1 Petri Kontiola Chris Kreider Stefan Ruzicka 60 0 0 5
2 Alex Killorn Peter Olvecky Kyle Palmieri 40 0 0 5
PowerPlay Defense
Defense Defense Time % Phy DF OF
1 Alexandre Picard James Wisniewski 60 0 2 3
2 Andrew Orpik Victor Bartley 40 0 2 3
Penalty Kill 4 Players Forward
Center Wing Time % Phy DF OF
1 Petri Kontiola Dustin Jeffrey 60 0 5 0
2 Alex Killorn Peter Olvecky 40 0 5 0
Penalty Kill 4 Players Defense
Defense Defense Time % Phy DF OF
1 James Wisniewski Alexandre Picard 60 0 5 0
2 Brett Carson Brian Lashoff 40 0 5 0
Penalty Kill - 3 Players Forward
Forward Time % Phy DF OF
1 Petri Kontiola 60 0 5 0
2 Alex Killorn 40 0 5 0
Penalty Kill - 3 Players Defense
Defense Defense Time % Phy DF OF
1 James Wisniewski Alexandre Picard 60 0 5 0
2 Brett Carson Brian Lashoff 40 0 5 0
4 vs 4 Forward
Center Wing Time % Phy DF OF
1 Stefan Ruzicka Chris Kreider 60 0 0 5
2 Petri Kontiola Alex Killorn 40 0 0 5
4 vs 4 Defense
Defense Defense Time % Phy DF OF
1 Alexandre Picard James Wisniewski 60 0 2 3
2 Victor Bartley Andrew Orpik 40 0 3 2
Last Minutes Offensive
Center Left Wing Right Wing Defense Defense
Petri Kontiola Chris Kreider Stefan Ruzicka Alexandre Picard James Wisniewski
Last Minutes Defensive
Center Left Wing Right Wing Defense Defense
Petri Kontiola Chris Kreider Stefan Ruzicka James Wisniewski Alexandre Picard
Goaltenders
Starting : Peter Budaj
Backup : Darcy Kuemper
Extra Forwards
Normal : Stefan Ruzicka, Chris Kreider, Petri Kontiola - PP : Stefan Ruzicka, Petri Kontiola - PK : Petri Kontiola
Extra Defensemen
Normal : Brian Lashoff, James Wisniewski, Alexandre Picard - PP : Victor Bartley - PK : Brian Lashoff, Alexandre Picard
Penalty Shots
Petri Kontiola, Craig Smith, Stefan Ruzicka, Peter Olvecky, Alexandre Picard
% Time on Ice - Little Stars
Lines # - Real PCT - Wanted PCT - Time Play
Normal Forward
1 - 34% - 40% - 12:48
2 - 27% - 30% - 10:25
3 - 25% - 20% - 9:41
4 - 14% - 10% - 5:18
Normal Defense
1 - 45% - 40% - 17:16
2 - 35% - 30% - 13:15
3 - 20% - 20% - 7:41
4 - 0% - 10% - 0:00
PP Forward
1 - 57% - 60% - 3:57
2 - 43% - 40% - 2:56
PP Defense
1 - 46% - 60% - 3:10
2 - 54% - 40% - 3:43
PK Forward
1 - 65% - 60% - 9:36
2 - 35% - 40% - 5:09
PK Defense
1 - 57% - 60% - 8:28
2 - 43% - 40% - 6:17
PK3 Forward
1 - 0% - 60%
2 - 0% - 40%
PK3 Defense
1 - 0% - 60%
2 - 0% - 40%
44 Forward
1 - 0% - 60%
2 - 0% - 40%
44 Defense
1 - 0% - 60%
2 - 0% - 40%
Last Minute Offensive - 0:10
Last Minute Defensive - 0:00
Total
Forward - 60:00
Defense - 60:00
|
% Time on Ice - Harfangs
Lines # - Real PCT - Wanted PCT - Time Play
Normal Forward
1 - 28% - 40% - 10:49
2 - 29% - 30% - 10:58
3 - 28% - 20% - 10:36
4 - 15% - 10% - 5:46
Normal Defense
1 - 46% - 40% - 17:39
2 - 36% - 30% - 13:42
3 - 17% - 20% - 6:39
4 - 0% - 10% - 0:09
PP Forward
1 - 60% - 60% - 8:49
2 - 40% - 40% - 5:56
PP Defense
1 - 56% - 60% - 8:19
2 - 44% - 40% - 6:26
PK Forward
1 - 72% - 60% - 4:59
2 - 28% - 40% - 1:54
PK Defense
1 - 56% - 60% - 3:50
2 - 44% - 40% - 3:03
PK3 Forward
1 - 0% - 60%
2 - 0% - 40%
PK3 Defense
1 - 0% - 60%
2 - 0% - 40%
44 Forward
1 - 0% - 60%
2 - 0% - 40%
44 Defense
1 - 0% - 60%
2 - 0% - 40%
Last Minute Offensive - 0:00
Last Minute Defensive - 0:13
Total
Forward - 60:00
Defense - 60:00
|
Play by Play
1st period
0:01 of 1st period - Petri Kontiola wins face-off versus Marcus Kruger in neutral zone.
0:15 of 1st period - Snap shot by Chris Dingman.
0:15 of 1st period - Shot Misses the Net.
0:25 of 1st period - Alexandre Picard is hit by Carl Hagelin and loses puck.
1:08 of 1st period - Wrist shot by Matt Halischuk.
1:08 of 1st period - Deflect By Landon Ferraro.
1:08 of 1st period - Stopped by Peter Budaj with a rebound.
1:36 of 1st period - Snap shot by Kyle Okposo.
1:36 of 1st period - Stopped by Peter Budaj without a rebound.
1:37 of 1st period - Chris Dingman wins face-off versus Alex Killorn in Harfangs zone.
1:38 of 1st period - Wrist shot by Marcus Kruger.
1:38 of 1st period - Stopped by Peter Budaj with a rebound.
1:40 of 1st period - Slapshot by Cameron Schilling.
1:40 of 1st period - Shot Blocked by Brett Carson.
1:42 of 1st period - Snap shot by Cameron Schilling.
1:42 of 1st period - Stopped by Peter Budaj without a rebound.
1:43 of 1st period - Alex Killorn wins face-off versus Marcus Kruger in Harfangs zone.
1:56 of 1st period - Slapshot by Peter Olvecky.
1:56 of 1st period - Deflect By Alex Killorn.
1:56 of 1st period - Shot Blocked by Cameron Schilling.
1:56 of 1st period - Puck is out of play.
1:57 of 1st period - Petri Kontiola wins face-off versus Jesse Joensuu in Little Stars zone.
1:58 of 1st period - Snap shot by Stefan Ruzicka.
1:58 of 1st period - Shot Misses the Net.
2:00 of 1st period - Backhand shot by Stefan Ruzicka.
2:00 of 1st period - Stopped by Erik Ersberg with a rebound.
2:02 of 1st period - Slapshot by Alexandre Picard.
2:02 of 1st period - Shot Misses the Net.
2:05 of 1st period - Stefan Ruzicka and Cody Bass fight to a draw.
2:05 of 1st period - Penalty to Stefan Ruzicka for Fighting.
2:05 of 1st period - Penalty to Cody Bass for Fighting.
2:06 of 1st period - Craig Smith wins face-off versus Corey Trivino in Little Stars zone.
2:18 of 1st period - Minor Penalty to Carl Hagelin for Goalie Interference.
2:19 of 1st period - Chris Dingman wins face-off versus Petri Kontiola in Little Stars zone.
3:57 of 1st period - Raphael Diaz is hit by Victor Bartley and loses puck.
4:18 of 1st period - Penalty to Carl Hagelin is over, Carl Hagelin is back on ice.
4:48 of 1st period - Snap shot by Ryan Vesce.
4:48 of 1st period - Shot Hit the Post.
4:50 of 1st period - Slapshot by Ryan Vesce.
4:50 of 1st period - Shot Blocked by Brett Carson.
5:00 of 1st period - Wrist shot by Hugh Jessiman.
5:00 of 1st period - Stopped by Peter Budaj without a rebound.
5:01 of 1st period - Corey Trivino wins face-off versus Craig Smith in Harfangs zone.
5:08 of 1st period - Snap shot by Carl Hagelin.
5:08 of 1st period - Stopped by Peter Budaj with a rebound.
5:10 of 1st period - Slapshot by Jared Spurgeon.
5:10 of 1st period - Shot Misses the Net.
5:12 of 1st period - Snap shot by Hugh Jessiman.
5:12 of 1st period - Stopped by Peter Budaj with a rebound.
5:14 of 1st period - Snap shot by Hugh Jessiman.
5:14 of 1st period - Shot Misses the Net.
6:38 of 1st period - Wrist shot by Ryan Vesce.
6:38 of 1st period - Stopped by Peter Budaj without a rebound.
6:39 of 1st period - Landon Ferraro wins face-off versus Alex Killorn in Harfangs zone.
6:40 of 1st period - Wrist shot by Ryan Vesce.
6:40 of 1st period - Deflect By Jesse Joensuu.
6:40 of 1st period - Shot Blocked by Andrew Orpik.
6:40 of 1st period - Puck is out of play.
6:41 of 1st period - Landon Ferraro wins face-off versus Petri Kontiola in Harfangs zone.
6:42 of 1st period - Slapshot by Ryan Vesce.
6:42 of 1st period - Deflect By Jesse Joensuu.
6:42 of 1st period - Goal by Jesse Joensuu - Little Stars : 1 - Harfangs : 0.
6:43 of 1st period - Marcus Kruger wins face-off versus Petri Kontiola in neutral zone.
6:54 of 1st period - Chris Dingman is hit by Petri Kontiola and loses puck.
7:11 of 1st period - Snap shot by Craig Smith.
7:11 of 1st period - Stopped by Erik Ersberg without a rebound.
7:12 of 1st period - Matt Halischuk wins face-off versus Craig Smith in Little Stars zone.
7:55 of 1st period - Wrist shot by Kyle Palmieri.
7:55 of 1st period - Shot Misses the Net.
7:57 of 1st period - Wrist shot by Alexandre Picard.
7:57 of 1st period - Stopped by Erik Ersberg with a rebound.
7:59 of 1st period - Wrist shot by Alex Killorn.
7:59 of 1st period - Stopped by Erik Ersberg without a rebound.
8:00 of 1st period - Alex Killorn wins face-off versus Cody Bass in Little Stars zone.
8:06 of 1st period - Minor Penalty to Ryan Vesce for Holding.
8:07 of 1st period - Chris Dingman wins face-off versus Petri Kontiola in Little Stars zone.
8:19 of 1st period - Snap shot by Chris Dingman.
8:19 of 1st period - Shot Misses the Net.
8:48 of 1st period - Wrist shot by Stefan Ruzicka.
8:48 of 1st period - Shot Blocked by Cory Murphy.
8:50 of 1st period - Slapshot by Alexandre Picard.
8:50 of 1st period - Stopped by Erik Ersberg with a rebound.
8:52 of 1st period - Snap shot by Petri Kontiola.
8:52 of 1st period - Shot Hit the Post.
8:54 of 1st period - Snap shot by Chris Kreider.
8:54 of 1st period - Goal by Chris Kreider - Little Stars : 1 - Harfangs : 1.
8:55 of 1st period - Marcus Kruger wins face-off versus Alex Killorn in neutral zone.
9:16 of 1st period - Minor Penalty to Kyle Okposo for Holding.
9:17 of 1st period - Petri Kontiola wins face-off versus Chris Dingman in Little Stars zone.
9:48 of 1st period - Slapshot by Alexandre Picard.
9:48 of 1st period - Shot Hit the Post.
11:16 of 1st period - Penalty to Kyle Okposo is over, Kyle Okposo is back on ice.
11:18 of 1st period - Cory Murphy is hit by Kyle Palmieri and loses puck.
11:37 of 1st period - Slapshot by Hugh Jessiman.
11:37 of 1st period - Stopped by Peter Budaj with a rebound.
11:39 of 1st period - Slapshot by Ryan Vesce.
11:39 of 1st period - Shot Blocked by Craig Smith.
11:41 of 1st period - Backhand shot by Hugh Jessiman.
11:41 of 1st period - Shot Misses the Net.
11:43 of 1st period - Snap shot by Ryan Vesce.
11:43 of 1st period - Shot Misses the Net.
11:49 of 1st period - Wrist shot by Kyle Okposo.
11:49 of 1st period - Stopped by Peter Budaj with a rebound.
11:51 of 1st period - Slapshot by Mathieu Roy.
11:51 of 1st period - Deflect By Michal Repik.
11:51 of 1st period - Stopped by Peter Budaj without a rebound.
11:51 of 1st period - Minor Penalty to Peter Budaj for Delaying the game.
11:52 of 1st period - Petri Kontiola wins face-off versus Marcus Kruger in Harfangs zone.
12:17 of 1st period - Brian Lashoff is hit by Jesse Joensuu and loses puck.
13:51 of 1st period - Penalty to Craig Smith is over, Craig Smith is back on ice.
15:19 of 1st period - James Wisniewski is hit by Mathieu Roy and loses puck.
15:24 of 1st period - Wrist shot by Matt Halischuk.
15:24 of 1st period - Shot Blocked by Alexandre Picard.
17:35 of 1st period - Snap shot by Marcus Kruger.
17:35 of 1st period - Stopped by Peter Budaj with a rebound.
18:24 of 1st period - Minor Penalty to Cody Bass for Slashing.
18:25 of 1st period - Petri Kontiola wins face-off versus Chris Dingman in Little Stars zone.
18:28 of 1st period - Snap shot by Chris Kreider.
18:28 of 1st period - Shot Blocked by Kyle Okposo.
18:55 of 1st period - Off-side.
18:56 of 1st period - Ryan Vesce wins face-off versus Chris Kreider in neutral zone.
18:59 of 1st period - Slapshot by Hugh Jessiman.
18:59 of 1st period - Shot Misses the Net.
Goals for this period are 1 for Little Stars vs 1 for Harfangs.
Shots for this period are 13 for Little Stars vs 6 for Harfangs.
2nd period
0:01 of 2nd period - Petri Kontiola wins face-off versus Kyle Okposo in neutral zone.
0:24 of 2nd period - Penalty to Cody Bass is over, Cody Bass is back on ice.
0:37 of 2nd period - Wrist shot by Mathieu Roy.
0:37 of 2nd period - Shot Blocked by Alexandre Picard.
0:56 of 2nd period - Wrist shot by Cory Murphy.
0:56 of 2nd period - Stopped by Peter Budaj without a rebound.
0:57 of 2nd period - Marcus Kruger wins face-off versus Petri Kontiola in Harfangs zone.
1:08 of 2nd period - Slapshot by Raphael Diaz.
1:08 of 2nd period - Deflect By Stefan Ruzicka.
1:08 of 2nd period - Stopped by Peter Budaj without a rebound.
1:09 of 2nd period - Marcus Kruger wins face-off versus Petri Kontiola in Harfangs zone.
1:14 of 2nd period - Snap shot by Marcus Kruger.
1:14 of 2nd period - Shot Misses the Net.
1:16 of 2nd period - Snap shot by Kyle Okposo.
1:16 of 2nd period - Shot Misses the Net.
2:59 of 2nd period - Snap shot by Roman Wick.
2:59 of 2nd period - Deflect By Chris Kreider.
2:59 of 2nd period - Stopped by Erik Ersberg without a rebound.
3:00 of 2nd period - Petri Kontiola wins face-off versus Marcus Kruger in Little Stars zone.
3:01 of 2nd period - Snap shot by Stefan Ruzicka.
3:01 of 2nd period - Shot Blocked by Kyle Okposo.
3:30 of 2nd period - Jesse Joensuu is hit by James Wisniewski and loses puck.
4:03 of 2nd period - Minor Penalty to Mathieu Roy for Roughing.
4:04 of 2nd period - Petri Kontiola wins face-off versus Chris Dingman in Little Stars zone.
4:09 of 2nd period - Snap shot by Stefan Ruzicka.
4:09 of 2nd period - Stopped by Erik Ersberg with a rebound.
4:11 of 2nd period - Snap shot by Chris Kreider.
4:11 of 2nd period - Deflect By Petri Kontiola.
4:11 of 2nd period - Shot Blocked by Clay Wilson.
4:11 of 2nd period - Puck is out of play.
4:12 of 2nd period - Petri Kontiola wins face-off versus Chris Dingman in Little Stars zone.
4:25 of 2nd period - Slapshot by Alexandre Picard.
4:25 of 2nd period - Deflect By Raphael Diaz.
4:25 of 2nd period - Stopped by Erik Ersberg with a rebound.
4:27 of 2nd period - Slapshot by James Wisniewski.
4:27 of 2nd period - Shot Misses the Net.
5:31 of 2nd period - Chris Kreider is hit by Cory Murphy and loses puck.
5:38 of 2nd period - Corey Trivino is hit by Petri Kontiola and loses puck.
6:03 of 2nd period - Penalty to Mathieu Roy is over, Mathieu Roy is back on ice.
6:12 of 2nd period - Raphael Diaz is hit by Dustin Jeffrey and loses puck.
6:19 of 2nd period - Wrist shot by Chris Dingman.
6:19 of 2nd period - Shot Blocked by Dustin Jeffrey.
6:31 of 2nd period - Brett Carson is hit by Alexander Vasyunov and loses puck.
6:58 of 2nd period - Icing by Jared Spurgeon.
6:59 of 2nd period - Brandon Pirri wins face-off versus Cody Bass in Little Stars zone.
7:14 of 2nd period - Snap shot by Ryan Vesce.
7:14 of 2nd period - Stopped by Peter Budaj without a rebound.
7:15 of 2nd period - Corey Trivino wins face-off versus Alex Killorn in Harfangs zone.
7:30 of 2nd period - Slapshot by Mathieu Roy.
7:30 of 2nd period - Shot Misses the Net.
7:37 of 2nd period - Icing by Kyle Palmieri.
7:38 of 2nd period - Marcus Kruger wins face-off versus Alex Killorn in Harfangs zone.
8:03 of 2nd period - Wrist shot by Stefan Ruzicka.
8:03 of 2nd period - Stopped by Erik Ersberg without a rebound.
8:04 of 2nd period - Cody Bass wins face-off versus Petri Kontiola in Little Stars zone.
8:15 of 2nd period - Wrist shot by Cody Bass.
8:15 of 2nd period - Shot Misses the Net.
8:17 of 2nd period - Wrist shot by Ryan Vesce.
8:17 of 2nd period - Stopped by Peter Budaj with a rebound.
8:19 of 2nd period - Snap shot by Jesse Joensuu.
8:19 of 2nd period - Stopped by Peter Budaj without a rebound.
8:20 of 2nd period - Alex Killorn wins face-off versus Marcus Kruger in Harfangs zone.
8:25 of 2nd period - Slapshot by James Wisniewski.
8:25 of 2nd period - Stopped by Erik Ersberg without a rebound.
8:26 of 2nd period - Marcus Kruger wins face-off versus Alex Killorn in Little Stars zone.
8:26 of 2nd period - Marcus Kruger is hit by Alexandre Picard.
9:00 of 2nd period - Snap shot by Chris Dingman.
9:00 of 2nd period - Stopped by Peter Budaj with a rebound.
9:09 of 2nd period - Minor Penalty to Peter Olvecky for Hooking.
9:10 of 2nd period - Petri Kontiola wins face-off versus Cody Bass in Harfangs zone.
9:10 of 2nd period - Petri Kontiola is hit by Jesse Joensuu.
11:09 of 2nd period - Penalty to Peter Olvecky is over, Peter Olvecky is back on ice.
12:27 of 2nd period - Snap shot by Roman Wick.
12:27 of 2nd period - Stopped by Erik Ersberg without a rebound.
12:28 of 2nd period - Brandon Pirri wins face-off versus Marcus Kruger in Little Stars zone.
12:31 of 2nd period - Wrist shot by Brandon Pirri.
12:31 of 2nd period - Shot Blocked by Kyle Okposo.
12:55 of 2nd period - Off-side.
12:56 of 2nd period - Petri Kontiola wins face-off versus Landon Ferraro in neutral zone.
13:22 of 2nd period - Kyle Palmieri is hit by Chris Dingman and loses puck.
13:27 of 2nd period - Wrist shot by Chris Dingman.
13:27 of 2nd period - Shot Misses the Net.
13:29 of 2nd period - Wrist shot by Kyle Okposo.
13:29 of 2nd period - Shot Misses the Net.
13:49 of 2nd period - Wrist shot by Craig Smith.
13:49 of 2nd period - Deflect By Michal Repik.
13:49 of 2nd period - Shot Misses the Net.
13:49 of 2nd period - Puck is out of play.
13:50 of 2nd period - Petri Kontiola wins face-off versus Ryan Vesce in Little Stars zone.
13:51 of 2nd period - Wrist shot by Stefan Ruzicka.
13:51 of 2nd period - Stopped by Erik Ersberg without a rebound.
13:52 of 2nd period - Petri Kontiola wins face-off versus Marcus Kruger in Little Stars zone.
14:21 of 2nd period - Slapshot by Andrew Orpik.
14:21 of 2nd period - Stopped by Erik Ersberg without a rebound.
14:22 of 2nd period - Cody Bass wins face-off versus Alex Killorn in Little Stars zone.
14:22 of 2nd period - Cody Bass is hit by Alexandre Picard.
14:27 of 2nd period - Minor Penalty to Peter Olvecky for Interference.
14:28 of 2nd period - Marcus Kruger wins face-off versus Petri Kontiola in Harfangs zone.
14:34 of 2nd period - Snap shot by Kyle Okposo.
14:34 of 2nd period - Stopped by Peter Budaj without a rebound.
14:35 of 2nd period - Petri Kontiola wins face-off versus Marcus Kruger in Harfangs zone.
14:35 of 2nd period - Petri Kontiola is hit by Marcus Kruger.
14:47 of 2nd period - Slapshot by James Wisniewski.
14:47 of 2nd period - Deflect By Petri Kontiola.
14:47 of 2nd period - Stopped by Erik Ersberg with a rebound.
15:59 of 2nd period - Dustin Jeffrey is hit by Kyle Okposo and loses puck.
16:10 of 2nd period - James Wisniewski is hit by Ryan Vesce and loses puck.
16:27 of 2nd period - Penalty to Peter Olvecky is over, Peter Olvecky is back on ice.
16:38 of 2nd period - Minor Penalty to Carl Hagelin for Goalie Interference.
16:39 of 2nd period - Chris Dingman wins face-off versus Petri Kontiola in Little Stars zone.
17:45 of 2nd period - Slapshot by Cory Murphy.
17:45 of 2nd period - Stopped by Peter Budaj with a rebound.
17:47 of 2nd period - Wrist shot by Ryan Vesce.
17:47 of 2nd period - Stopped by Peter Budaj with a rebound.
17:49 of 2nd period - Slapshot by Mathieu Roy.
17:49 of 2nd period - Stopped by Peter Budaj without a rebound.
17:50 of 2nd period - Chris Dingman wins face-off versus Petri Kontiola in Harfangs zone.
18:01 of 2nd period - Snap shot by Victor Bartley.
18:01 of 2nd period - Stopped by Erik Ersberg with a rebound.
18:03 of 2nd period - Backhand shot by Victor Bartley.
18:03 of 2nd period - Shot Misses the Net.
18:38 of 2nd period - Penalty to Carl Hagelin is over, Carl Hagelin is back on ice.
19:00 of 2nd period - Icing by Mathieu Roy.
19:01 of 2nd period - Corey Trivino wins face-off versus Brandon Pirri in Little Stars zone.
19:01 of 2nd period - Corey Trivino is hit by Alexandre Picard.
19:10 of 2nd period - Minor Penalty to Roman Wick for Hooking.
19:11 of 2nd period - Petri Kontiola wins face-off versus Marcus Kruger in Harfangs zone.
Goals for this period are 0 for Little Stars vs 0 for Harfangs.
Shots for this period are 10 for Little Stars vs 10 for Harfangs.
3rd period
0:01 of 3rd period - Marcus Kruger wins face-off versus Petri Kontiola in neutral zone.
0:06 of 3rd period - Slapshot by Cory Murphy.
0:06 of 3rd period - Goal by Cory Murphy - Little Stars : 2 - Harfangs : 1.
0:07 of 3rd period - Stefan Ruzicka wins face-off versus Marcus Kruger in neutral zone.
0:14 of 3rd period - Wrist shot by Chris Kreider.
0:14 of 3rd period - Shot Blocked by Cory Murphy.
0:16 of 3rd period - Wrist shot by Chris Kreider.
0:16 of 3rd period - Goal by Chris Kreider - Little Stars : 2 - Harfangs : 2.
0:17 of 3rd period - Petri Kontiola wins face-off versus Kyle Okposo in neutral zone.
0:42 of 3rd period - Cody Bass is hit by Alexandre Picard and loses puck.
0:49 of 3rd period - Snap shot by Ryan Vesce.
0:49 of 3rd period - Stopped by Peter Budaj without a rebound.
0:50 of 3rd period - Marcus Kruger wins face-off versus Petri Kontiola in Harfangs zone.
0:56 of 3rd period - Andrew Orpik is hit by Mathieu Roy and loses puck.
1:11 of 3rd period - Minor Penalty to Cory Murphy for High sticking.
1:12 of 3rd period - Chris Dingman wins face-off versus Chris Kreider in Little Stars zone.
3:11 of 3rd period - Penalty to Cory Murphy is over, Cory Murphy is back on ice.
3:20 of 3rd period - Minor Penalty to Ryan Vesce for Hooking.
3:21 of 3rd period - Petri Kontiola wins face-off versus Chris Dingman in Little Stars zone.
3:24 of 3rd period - Snap shot by Stefan Ruzicka.
3:24 of 3rd period - Goal by Stefan Ruzicka - Little Stars : 2 - Harfangs : 3.
3:25 of 3rd period - Marcus Kruger wins face-off versus Petri Kontiola in neutral zone.
3:28 of 3rd period - James Wisniewski is hit by Kyle Okposo and loses puck.
3:35 of 3rd period - Cory Murphy is hit by Chris Kreider and loses puck.
4:11 of 3rd period - Snap shot by Carl Hagelin.
4:11 of 3rd period - Deflect By Hugh Jessiman.
4:11 of 3rd period - Goal by Hugh Jessiman - Little Stars : 3 - Harfangs : 3.
4:12 of 3rd period - Petri Kontiola wins face-off versus Marcus Kruger in neutral zone.
4:19 of 3rd period - Wrist shot by Stefan Ruzicka.
4:19 of 3rd period - Stopped by Erik Ersberg with a rebound.
4:27 of 3rd period - Stefan Ruzicka is hit by Raphael Diaz and loses puck.
4:48 of 3rd period - Snap shot by Peter Olvecky.
4:48 of 3rd period - Shot Blocked by Raphael Diaz.
5:07 of 3rd period - Icing by Cory Murphy.
5:08 of 3rd period - Carl Hagelin wins face-off versus Craig Smith in Little Stars zone.
5:08 of 3rd period - Carl Hagelin is hit by Dustin Jeffrey.
5:28 of 3rd period - Slapshot by Cory Murphy.
5:28 of 3rd period - Deflect By Craig Smith.
5:28 of 3rd period - Stopped by Peter Budaj with a rebound.
6:06 of 3rd period - Hugh Jessiman is hit by Dustin Jeffrey and loses puck.
6:23 of 3rd period - Slapshot by Craig Smith.
6:23 of 3rd period - Stopped by Erik Ersberg with a rebound.
6:25 of 3rd period - Snap shot by Craig Smith.
6:25 of 3rd period - Stopped by Erik Ersberg with a rebound.
6:27 of 3rd period - Snap shot by Michal Repik.
6:27 of 3rd period - Shot Misses the Net.
6:29 of 3rd period - Snap shot by Victor Bartley.
6:29 of 3rd period - Shot Misses the Net.
6:31 of 3rd period - Wrist shot by Michal Repik.
6:31 of 3rd period - Shot Misses the Net.
6:39 of 3rd period - Wrist shot by Dustin Jeffrey.
6:39 of 3rd period - Shot Blocked by Hugh Jessiman.
6:41 of 3rd period - Slapshot by Victor Bartley.
6:41 of 3rd period - Stopped by Erik Ersberg with a rebound.
6:43 of 3rd period - Wrist shot by Dustin Jeffrey.
6:43 of 3rd period - Goal by Dustin Jeffrey - Little Stars : 3 - Harfangs : 4.
6:44 of 3rd period - Petri Kontiola wins face-off versus Marcus Kruger in neutral zone.
7:16 of 3rd period - Slapshot by James Wisniewski.
7:16 of 3rd period - Stopped by Erik Ersberg with a rebound.
7:18 of 3rd period - Wrist shot by Peter Olvecky.
7:18 of 3rd period - Stopped by Erik Ersberg without a rebound.
7:19 of 3rd period - Marcus Kruger wins face-off versus Alex Killorn in Little Stars zone.
7:47 of 3rd period - Slapshot by Matt Halischuk.
7:47 of 3rd period - Shot Misses the Net.
7:49 of 3rd period - Slapshot by Raphael Diaz.
7:49 of 3rd period - Stopped by Peter Budaj with a rebound.
7:51 of 3rd period - Slapshot by Matt Halischuk.
7:51 of 3rd period - Shot Blocked by Brian Lashoff.
8:09 of 3rd period - Wrist shot by Petri Kontiola.
8:09 of 3rd period - Stopped by Erik Ersberg without a rebound.
8:10 of 3rd period - Petri Kontiola wins face-off versus Marcus Kruger in Little Stars zone.
8:19 of 3rd period - Snap shot by Stefan Ruzicka.
8:19 of 3rd period - Stopped by Erik Ersberg without a rebound.
8:20 of 3rd period - Marcus Kruger wins face-off versus Petri Kontiola in Little Stars zone.
8:27 of 3rd period - Snap shot by Stefan Ruzicka.
8:27 of 3rd period - Stopped by Erik Ersberg with a rebound.
8:29 of 3rd period - Backhand shot by Alexandre Picard.
8:29 of 3rd period - Stopped by Erik Ersberg with a rebound.
8:33 of 3rd period - Slapshot by Stefan Ruzicka.
8:33 of 3rd period - Stopped by Erik Ersberg with a rebound.
8:35 of 3rd period - Snap shot by Petri Kontiola.
8:35 of 3rd period - Stopped by Erik Ersberg without a rebound.
8:36 of 3rd period - Cody Bass wins face-off versus Alex Killorn in Little Stars zone.
8:41 of 3rd period - Slapshot by Raphael Diaz.
8:41 of 3rd period - Shot Hit the Post.
8:51 of 3rd period - Wrist shot by Alex Killorn.
8:51 of 3rd period - Deflect By Kyle Palmieri.
8:51 of 3rd period - Stopped by Erik Ersberg without a rebound.
8:52 of 3rd period - Marcus Kruger wins face-off versus Petri Kontiola in Little Stars zone.
9:07 of 3rd period - Wrist shot by Chris Dingman.
9:07 of 3rd period - Stopped by Peter Budaj without a rebound.
9:08 of 3rd period - Alex Killorn wins face-off versus Cody Bass in Harfangs zone.
9:13 of 3rd period - Wrist shot by Peter Olvecky.
9:13 of 3rd period - Stopped by Erik Ersberg without a rebound.
9:14 of 3rd period - Cody Bass wins face-off versus Alex Killorn in Little Stars zone.
9:35 of 3rd period - Minor Penalty to Raphael Diaz for Slashing.
9:36 of 3rd period - Petri Kontiola wins face-off versus Chris Dingman in Little Stars zone.
10:11 of 3rd period - Wrist shot by Peter Olvecky.
10:11 of 3rd period - Deflect By Kyle Palmieri.
10:11 of 3rd period - Shot Misses the Net.
10:11 of 3rd period - Puck is out of play.
10:12 of 3rd period - Hugh Jessiman wins face-off versus Petri Kontiola in Little Stars zone.
10:17 of 3rd period - Wrist shot by Stefan Ruzicka.
10:17 of 3rd period - Stopped by Erik Ersberg with a rebound.
10:19 of 3rd period - Slapshot by Victor Bartley.
10:19 of 3rd period - Shot Blocked by Jared Spurgeon.
10:21 of 3rd period - Backhand shot by Victor Bartley.
10:21 of 3rd period - Deflect By Stefan Ruzicka.
10:21 of 3rd period - Stopped by Erik Ersberg without a rebound.
10:22 of 3rd period - Kyle Okposo wins face-off versus Petri Kontiola in Little Stars zone.
10:33 of 3rd period - Clay Wilson is hit by Petri Kontiola and loses puck.
11:14 of 3rd period - Slapshot by Mathieu Roy.
11:14 of 3rd period - Stopped by Peter Budaj without a rebound.
11:15 of 3rd period - Ryan Vesce wins face-off versus Kyle Palmieri in Harfangs zone.
11:23 of 3rd period - Wrist shot by Peter Olvecky.
11:23 of 3rd period - Deflect By Alex Killorn.
11:23 of 3rd period - Shot Blocked by Jared Spurgeon.
11:23 of 3rd period - Puck is out of play.
11:24 of 3rd period - Alex Killorn wins face-off versus Chris Dingman in Little Stars zone.
11:29 of 3rd period - Slapshot by Alexandre Picard.
11:29 of 3rd period - Stopped by Erik Ersberg with a rebound.
11:31 of 3rd period - Snap shot by Kyle Palmieri.
11:31 of 3rd period - Shot Misses the Net.
11:33 of 3rd period - Wrist shot by Kyle Palmieri.
11:33 of 3rd period - Shot Misses the Net.
11:35 of 3rd period - Penalty to Raphael Diaz is over, Raphael Diaz is back on ice.
11:35 of 3rd period - Slapshot by Alexandre Picard.
11:35 of 3rd period - Shot Blocked by Jared Spurgeon.
12:04 of 3rd period - Wrist shot by Raphael Diaz.
12:04 of 3rd period - Goal by Raphael Diaz - Little Stars : 4 - Harfangs : 4.
12:05 of 3rd period - Cody Bass wins face-off versus Stefan Ruzicka in neutral zone.
12:12 of 3rd period - Slapshot by Mathieu Roy.
12:12 of 3rd period - Stopped by Peter Budaj with a rebound.
12:18 of 3rd period - Snap shot by Cody Bass.
12:18 of 3rd period - Shot Blocked by Alexandre Picard.
12:30 of 3rd period - Kyle Okposo is hit by James Wisniewski and loses puck.
12:39 of 3rd period - Backhand shot by Craig Smith.
12:39 of 3rd period - Goal by Craig Smith - Little Stars : 4 - Harfangs : 5.
12:40 of 3rd period - Marcus Kruger wins face-off versus Petri Kontiola in neutral zone.
12:43 of 3rd period - Wrist shot by Chris Dingman.
12:43 of 3rd period - Stopped by Peter Budaj without a rebound.
12:44 of 3rd period - Petri Kontiola wins face-off versus Marcus Kruger in Harfangs zone.
12:51 of 3rd period - Snap shot by Stefan Ruzicka.
12:51 of 3rd period - Shot Misses the Net.
13:18 of 3rd period - Off-side.
13:19 of 3rd period - Alex Killorn wins face-off versus Corey Trivino in neutral zone.
13:26 of 3rd period - Slapshot by Andrew Orpik.
13:26 of 3rd period - Stopped by Erik Ersberg without a rebound.
13:27 of 3rd period - Alex Killorn wins face-off versus Corey Trivino in Little Stars zone.
13:30 of 3rd period - Snap shot by Kyle Palmieri.
13:30 of 3rd period - Stopped by Erik Ersberg with a rebound.
13:32 of 3rd period - Slapshot by Kyle Palmieri.
13:32 of 3rd period - Shot Misses the Net.
13:49 of 3rd period - Icing by Hugh Jessiman.
13:50 of 3rd period - Petri Kontiola wins face-off versus Corey Trivino in Little Stars zone.
14:03 of 3rd period - Alexandre Picard is hit by Corey Trivino and loses puck.
14:34 of 3rd period - Wrist shot by Carl Hagelin.
14:34 of 3rd period - Stopped by Peter Budaj without a rebound.
14:35 of 3rd period - Craig Smith wins face-off versus Marcus Kruger in Harfangs zone.
14:35 of 3rd period - Craig Smith is hit by Chris Dingman.
14:43 of 3rd period - Marcus Kruger is hit by Dustin Jeffrey and loses puck.
15:25 of 3rd period - Snap shot by Cody Bass.
15:25 of 3rd period - Shot Blocked by Andrew Orpik.
16:23 of 3rd period - Wrist shot by Alex Killorn.
16:23 of 3rd period - Shot Misses the Net.
16:25 of 3rd period - Snap shot by James Wisniewski.
16:25 of 3rd period - Stopped by Erik Ersberg with a rebound.
16:27 of 3rd period - Slapshot by James Wisniewski.
16:27 of 3rd period - Deflect By Alex Killorn.
16:27 of 3rd period - Shot Blocked by Matt Halischuk.
16:27 of 3rd period - Puck is out of play.
16:28 of 3rd period - Corey Trivino wins face-off versus Roman Wick in Little Stars zone.
17:02 of 3rd period - Slapshot by Raphael Diaz.
17:02 of 3rd period - Stopped by Peter Budaj with a rebound.
17:18 of 3rd period - Stefan Ruzicka is hit by Cory Murphy and loses puck.
18:02 of 3rd period - Snap shot by Carl Hagelin.
18:02 of 3rd period - Shot Misses the Net.
18:23 of 3rd period - Wrist shot by Mathieu Roy.
18:23 of 3rd period - Stopped by Peter Budaj without a rebound.
18:24 of 3rd period - Craig Smith wins face-off versus Corey Trivino in Harfangs zone.
18:51 of 3rd period - Raphael Diaz is hit by James Wisniewski.
18:55 of 3rd period - Wrist shot by Stefan Ruzicka.
18:55 of 3rd period - Shot Misses the Net.
18:57 of 3rd period - Snap shot by James Wisniewski.
18:57 of 3rd period - Goal by James Wisniewski - Little Stars : 4 - Harfangs : 6.
18:58 of 3rd period - Dustin Jeffrey wins face-off versus Corey Trivino in neutral zone.
19:21 of 3rd period - Icing by James Wisniewski.
19:22 of 3rd period - Michal Repik wins face-off versus Landon Ferraro in Harfangs zone.
19:27 of 3rd period - Slapshot by Alexandre Picard.
19:27 of 3rd period - Deflect By Roman Wick.
19:27 of 3rd period - Stopped by Erik Ersberg with a rebound.
19:29 of 3rd period - Slapshot by James Wisniewski.
19:29 of 3rd period - Stopped by Erik Ersberg without a rebound.
19:30 of 3rd period - Brandon Pirri wins face-off versus Corey Trivino in Little Stars zone.
19:54 of 3rd period - Off-side.
19:55 of 3rd period - Michal Repik wins face-off versus Landon Ferraro in neutral zone.
Goals for this period are 3 for Little Stars vs 5 for Harfangs.
Shots for this period are 13 for Little Stars vs 27 for Harfangs.
Output by the SimonT Hockey Simulator (STHS) for François Prévost -- Original Page W3C XHTML 1.0 Valid